 Dungeon Crawl Stone Soup version 0.21.0-24-g2553a33 (console) character file.

123 vegansnacktivist the Cudgeler (level 5, -2/32 HPs)
             Began as a Gargoyle Fighter on Jan 19, 2018.
             Slain by an ogre
             ... wielding a +0 giant spiked club
              (17 damage)
             ... on level 3 of the Dungeon.
             The game lasted 00:02:26 (1983 turns).

vegansnacktivist the Cudgeler (Gargoyle Fighter)    Turns: 1983, Time: 00:02:26

Health: -2/32      AC: 10    Str: 21    XL:     5   Next: 7%
Magic:  5/5        EV:  7    Int:  8    God:
Gold:   82         SH:  9    Dex:  9    Spells: 4/4 levels left

rFire    . . .     SeeInvis .   a - +0 flail
rCold    . . .     Gourm    .   c - +0 shield
rNeg     + . .     Faith    .   b - +0 scale mail
rPois    ∞         Spirit   .   (no helmet)
rElec    +         Reflect  .   (no cloak)
rCorr    .         Harm     .   (no gloves)
MR       .....                  (no boots)
Stlth    ..........             (no amulet)
HPRegen  0.10/turn              (no ring)
MPRegen  0.09/turn              (no ring)

@: no status effects
A: negative energy resistance 1, electricity resistance, unbreathing,
petrification resistance, rot immunity, AC +4
a: no special abilities


You were on level 3 of the Dungeon.
You were hungry.

You visited 1 branch of the dungeon, and saw 3 of its levels.

You collected 82 gold pieces.

Inventory:

Hand Weapons
 a - a +0 flail (weapon)
Armour
 b - a +0 scale mail (worn)
 c - a +0 shield (worn)
Jewellery
 k - a cursed amulet of faith {unknown}
 q - an uncursed ring of stealth {unknown}
Scrolls
 g - a scroll of enchant armour {unknown}
 h - 3 scrolls of identify {unknown}
 i - a scroll of random uselessness {unknown}
 j - a scroll of magic mapping {unknown}
 l - a scroll of amnesia {unknown}
 o - 3 scrolls of enchant weapon {unknown}
Potions
 d - a potion of might
 e - 2 potions of flight {unknown}
 m - a potion of lignification {unknown}
 n - a potion of magic {unknown}
 p - a potion of degeneration {unknown}
Comestibles
 f - 6 rations


   Skills:
 - Level 3.2 Fighting
 + Level 5.1 Maces & Flails
 - Level 3.2 Armour
 - Level 3.2 Shields


You had 4 spell levels left.
You didn't know any spells.

Dungeon Overview and Level Annotations

Branches:
Dungeon (3/15)

Altars:


Innate Abilities, Weirdness & Mutations

You are resistant to torment.
Your stone body is resilient. (AC +4)
You are immune to poison.
You resist negative energy. (rN+)
You are resistant to electric shocks. (rElec)
You can survive without breathing.
You are immune to petrification.
You are immune to rotting.


Message History

You are too injured to fight recklessly!
You are too injured to fight recklessly!
You are too injured to fight recklessly!
There is an open door here.
You aren't carrying any items that you can evoke.
Unknown command.
You are feeling hungry.
There is an open door here.
There is a stone staircase leading up here.
There is an open door here.
There is an open door here.
There is an open door here.
All of the chunks of flesh in your inventory have rotted away.
You see here a jackal skeleton.
There is an open door here.
You see here 20 bolts.
There is a stone staircase leading up here.
The ogre hits you with a giant spiked club!
Ouch! That really hurt!
You die...

......##....# #....#
#####.##....# #....#
#####.##....# #....#
....#.##....# #....#
###.#.##....# #....#
#<#.#.##÷÷..# #....#
#.#.#.##....# #....#
#.#.#.##....######'##
#...#...(....<.O@..#
....####.....#######
##+######
##.......###.#
#........
##.......###'#####
#........
.........##......#
#........
.........##......#
#........
.........##......#
#........
.........##......#
#........
.........##.....÷#
#........


You could see an ogre.

Vanquished Creatures
  Robin (D:2)
  5 adders
  An ooze (D:1)
  2 leopard geckos
  2 orcs (D:3)
  5 bats
  4 giant cockroaches
  5 hobgoblins
  6 jackals
  2 quokkas
  A ball python (D:1)
  2 frilled lizards
  11 goblins
  6 kobolds
  2 rats (D:3)
55 creatures vanquished.

Notes
Turn   | Place    | Note
-------+----------+-------------------------------------------
     0 | D:1      | vegansnacktivist the Gargoyle Fighter began the quest for the Orb.
     0 | D:1      | Reached XP level 1. HP: 14/14 MP: 1/1
    76 | D:1      | Reached XP level 2. HP: 18/19 MP: 2/2
   265 | D:1      | Reached skill level 3 in Maces & Flails
   610 | D:2      | Reached XP level 3. HP: 19/23 MP: 3/3
   837 | D:2      | Reached skill level 4 in Maces & Flails
   839 | D:2      | Noticed Robin
   845 | D:2      | Killed Robin
   845 | D:2      | Reached XP level 4. HP: 27/28 MP: 4/4
  1554 | D:3      | Reached skill level 5 in Maces & Flails
  1566 | D:3      | Reached XP level 5. HP: 32/32 MP: 5/5
  1880 | D:3      | Noticed an ogre
  1983 | D:3      | Slain by an ogre

Skill      XL: |  1  2  3  4 |
---------------+-------------+-----
Maces & Flails | 3 4 5 |  5.1
Fighting       | |  3.2
Armour         | |  3.2
Shields        | |  3.2

Action                   |  1- 3 |  4- 6 || total
-------------------------+-------+-------++-------
Melee: Flail             |    84 |    99 ||   183
  Eat: Chunk             |       |     3 ||     3
Armor: Scale mail        |    52 |    71 ||   123
Dodge: Dodged            |    36 |    54 ||    90
Block: Shield            |    50 |    57 ||   107
